 Dungeon Crawl Stone Soup version bcrawl-1.21.3-2-g9d8a61a446 (webtiles) character file.

Game seed: 16529333050736999390

1934 gorpus the Covert (level 9, -2/55 HPs)
             Began as an Octopode Spelunker on Apr 25, 2020.
             Slain by an ogre
             ... wielding a +0 giant club
              (29 damage)
             ... on level 6 of the Dungeon.
             The game lasted 00:17:22 (6678 turns).

gorpus the Covert (Octopode Spelunker)              Turns: 6678, Time: 00:17:22

Health: -2/55      AC:  4    Str: 12    XL:     9   Next: 17%
Magic:  12/12      EV: 12    Int: 19    God:
Gold:   65         SH:  0    Dex: 11    Spells: 10/15 levels left

rFire    . . .     SeeInvis .   n - +3 dagger
rCold    . . .     Gourm    .   (no shield)
rNeg     . . .     Faith    .   (helmet restricted)
rPois    .         Spirit   .   (cloak restricted)
rElec    .         Reflect  .   v - amulet of magic regeneration
rCorr    .         Harm     .   (no ring)
MR       .....                  (no ring)
Stlth    +++++.....             (no ring)
HPRegen  0.18/turn              (no ring)
MPRegen  0.38/turn              (no ring)
                                (no ring)
                                (no ring)
                                (no ring)

@: lethally poisoned (-2 -> -8), slowed, lightly drained, very slow
A: almost no armour, stealthy swim, amphibious, 8 rings, constrict 8, rugged
brown scales 1, thin metallic scales 1, camouflage 1, clever 1, low mp 1,
gelatinous body 1
a: no special abilities


You were on level 6 of the Dungeon.
You were not hungry.

You visited 2 branches of the dungeon, and saw 7 of its levels.

You collected 380 gold pieces.
You spent 315 gold pieces at shops.

Inventory:

Hand Weapons
 a - a +1 dagger
 g - a +2 short sword of speed
 n - a +3 dagger (weapon)
Missiles
 i - 935 arrows
Jewellery
 o - an uncursed amulet of rage
 v - an amulet of magic regeneration (around mantle)
Wands
 b - a wand of digging (10)
 t - a wand of clouds (1)
Scrolls
 d - 2 scrolls of noise
 k - a scroll of blinking {unknown}
 m - 2 scrolls of enchant weapon
 s - 2 scrolls of amnesia {unknown}
 w - 2 scrolls of magic mapping
 y - a scroll of remove curse
 z - a scroll of silence {unknown}
 A - a scroll of enchant armour {unknown}
Potions
 f - 2 potions of mutation
 j - 2 potions of haste
 l - a potion of magic {unknown}
 r - a potion of curing {unknown}
 u - a potion of flight {unknown}
 x - a potion of lignification {unknown}
Miscellaneous
 c - a lamp of fire
Comestibles
 e - 12 rations {!d}
 h - a chunk of flesh


   Skills:
 - Level 2.0(1.8) Fighting
 * Level 6.8(6.6) Short Blades
 * Level 10.2(10.0) Stealth
 + Level 3.5(3.4) Spellcasting
 - Level 2.0(1.8) Hexes
 + Level 4.8(4.6) Transmutations
 + Level 4.8(4.7) Earth Magic
 - Level 2.1(2.0) Evocations


You had 10 spell levels left.
You knew the following spells:

 Your Spells              Type           Power        Failure   Level  Hunger
a - Corona                Hex            ##.....      7%          1    None
b - Passwall              Tmut/Erth      ###.....     3%          2    ##.....
c - Magic Dart            Conj           #...         14%         1    None
d - Summon Butterflies    Summ           #.......     14%         1    None

Your spell library contained the following spells:

 Spells                   Type           Power        Failure   Level  Hunger
 Spider Form              Tmut/Pois      ##.          17%         3    ###....
 Blink                    Tloc           N/A          22%         2    ##.....
 Call Imp                 Summ           #.....       22%         2    ##.....
 Flaming Arrows           Chrm/Fire      #.......     22%         2    ##.....
 Conjure Flame            Conj/Fire      #.......     41%         3    ###....
 Mephitic Cloud           Conj/Pois/Air  #.......     41%         3    ###....
 Ozocubu's Armour         Chrm/Ice       #.......     41%         3    ###....
 Summon Mana Viper        Hex/Summ       #.......     95%         5    ######.


Dungeon Overview and Level Annotations

Branches:
Dungeon (6/12)             Temple (1/1) D:6

Altars:
Cheibriados
Dithmenos
Elyvilon
Gozag
Hepliaklqana
Kikubaaqudgha
Lugonu
Nemelex Xobeh
Okawaru
Qazlal
Sif Muna
Trog
Uskayaw
Vehumet
Wu Jian
Xom
Yredelemnul
The Shining One

Shops:
D:4 *=}!   D:5 :


Innate Abilities, Weirdness & Mutations

You cannot wear most types of armour.
You are very stealthy in the water. (Stealth+)
You are amphibious.
You can wear up to eight rings at the same time.
You can use your tentacles to constrict eight enemies at once.
Your skin changes colour to match your surroundings (Stealth+).
Your rubbery body absorbs attacks. (AC +1, EV +1)
You are partially covered in rugged brown scales. (AC +1, +3% HP)
You are partially covered in thin metallic scales. (AC +2)
Your mind is acute. (Int +2)
Your magical capacity is low. (-10% MP)


Message History

You hit the kobold.
You kill the kobold!
The kobold unwields a +0 dagger.
The kobold wields a +0 blowgun.
The kobold shoots a curare-tipped needle.
The curare-tipped needle hits you.
You are poisoned.
You have difficulty breathing.
You feel yourself slow down.
You feel sick.
There is an open door here.
You hit the ogre.
The ogre is lightly wounded.
You feel sick. The ogre closely misses you.
You hit the ogre.
The ogre is moderately wounded.
You feel sick. The ogre barely misses you.
You hit the ogre. You squeeze the ogre.
The ogre is heavily wounded.
The ogre hits you with a +0 giant club!!
Ouch! That really hurt!
You die...

.......#....)..###.#......# ##..
...#...#...##.............#####..
...#...#...##†...........#....#.#
.. #...#...##........##.##....#.#
...#...#...##........##'##......#
.....###...##........#.......###.
..............##K#####.....<.###.
..............##O# #...÷...#...
..............##@# #...........
.....................#...........
........#.8.#.................##.
..............................##.
........8.>.8.....###.........##.
........K....#.....##.#######.#..
K.#######.8.#......##. ..# .
..#######.##...../.# ..#
..#...............#


You could see an ogre and a kobold.

Vanquished Creatures
  A troll (D:6)
  A hippogriff (D:6)
  An ogre (D:4)
  A phantom (D:4)
  3 centaurs
  A big kobold (D:6)
  A bullfrog (D:5)
  A scorpion (D:5)
  3 crimson imps
  A bullfrog zombie (D:5)
  2 centaur zombies
  4 orc wizards
  A hound (D:6)
  Terence (D:2)
  A worker ant (D:4)
  A worker ant zombie (D:5)
  4 gnolls (D:4)
  7 adders
  2 shadow imps (D:5)
  An adder zombie (D:4)
  3 adder skeletons
  4 worms
  4 dart slugs
  5 leopard geckos
  14 orcs
  A ball python (D:2)
  2 bats
  5 giant cockroaches
  4 goblins
  8 hobgoblins
  11 jackals
  2 quokkas
  8 frilled lizards
  15 kobolds
  5 rats
129 creatures vanquished.

Notes
Turn   | Place    | Note
-------+----------+-------------------------------------------
     0 | D:1      | gorpus the Octopode Spelunker began the quest for the Orb.
     0 | D:1      | Reached XP level 1. HP: 14/14 MP: 3/3
   250 | D:1      | Reached XP level 2. HP: 19/19 MP: 5/5
   857 | D:1      | Reached XP level 3. HP: 15/24 MP: 6/6
   858 | D:1      | Reached skill level 5 in Stealth
  1523 | D:2      | Reached XP level 4. HP: 29/29 MP: 4/7
  1623 | D:2      | Noticed Terence
  1628 | D:2      | Killed Terence
  2001 | D:2      | Reached XP level 5. HP: 33/34 MP: 8/8
  2283 | D:3      | Reached skill level 6 in Stealth
  3138 | D:4      | Noticed an ogre
  3187 | D:4      | Noticed a sky beast
  3187 | D:4      | Killed an ogre
  3187 | D:4      | Reached XP level 6. HP: 39/39 MP: 7/9
  3339 | D:4      | Reached skill level 7 in Stealth
  3656 | D:4      | Found Xuywarin's Assorted Antiques.
  3682 | D:4      | Found Pini Xeol's Jewellery Shoppe.
  3757 | D:4      | Found Axebif's Gadget Shoppe.
  4070 | D:4      | Noticed a phantom
  4115 | D:4      | Killed a phantom
  4115 | D:4      | Reached XP level 7. HP: 17/45 MP: 10/10
  4641 | D:4      | Found Mekh's Distillery.
  4731 | D:4      | Bought a yellowed book for 315 gold pieces
  4733 | D:4      | Learned a level 1 spell: Magic Dart
  4735 | D:4      | Learned a level 1 spell: Summon Butterflies
  4769 | D:5      | Entered Level 5 of the Dungeon
  4778 | D:5      | Reached skill level 5 in Short Blades
  4912 | D:5      | Found a hazy altar of Hepliaklqana.
  4913 | D:5      | Found a shimmering altar of Xom.
  4913 | D:5      | Noticed a tentacled monstrosity
  4914 | D:5      | Noticed a spectral ugly thing
  4914 | D:5      | Noticed a tentacled monstrosity
  4923 | D:5      | Reached skill level 8 in Stealth
  4992 | D:5      | Gained mutation: You are partially covered in thin metallic
                  | scales. (AC +2) [potion of mutation]
  4992 | D:5      | Gained mutation: Your magical capacity is low. (-10% MP)
                  | [potion of mutation]
  4992 | D:5      | Gained mutation: You are partially covered in rugged brown
                  | scales. (AC +1, +3% HP) [potion of mutation]
  4992 | D:5      | Gained mutation: Your mind is acute. (Int +2) [potion of
                  | mutation]
  5308 | D:5      | Found Ofagets's Book Shoppe.
  5329 | D:5      | Reached XP level 8. HP: 45/51 MP: 10/10
  5713 | D:5      | Found a bloodstained altar of Trog.
  5987 | D:6      | Noticed a hippogriff
  5989 | D:6      | Killed a hippogriff
  5989 | D:6      | Reached skill level 9 in Stealth
  6128 | D:6      | Noticed a troll
  6137 | D:6      | Killed a troll
  6137 | D:6      | Reached skill level 10 in Stealth
  6137 | D:6      | Reached XP level 9. HP: 55/55 MP: 12/12
  6153 | D:6      | Found a staircase to the Ecumenical Temple.
  6163 | Temple   | Entered the Ecumenical Temple
  6312 | D:6      | Found a white marble altar of Elyvilon.
  6678 | D:6      | Slain by an ogre

Skill      XL: |  1  2  3  4  5  6  7  8 |
---------------+-------------------------+-----
Stealth        | 5 6 7 8 10 | 10.2
Short Blades   | 3 4 5 6 |  6.8
Transmutations | 3 4 |  4.8
Earth Magic    | 3 4 |  4.8
Spellcasting   | 3 |  3.5
Fighting       | |  2.0
Hexes          | |  2.0
Evocations     | |  2.1

Action                   |  1- 3 |  4- 6 |  7- 9 || total
-------------------------+-------+-------+-------++-------
Melee: Dagger            |    53 |   154 |   144 ||   351
       Constrict         |    10 |    28 |    23 ||    61
       Tentacles         |     7 |    27 |    29 ||    63
 Cast: Passwall          |     3 |     5 |     3 ||    11
       Corona            |       |     3 |       ||     3
  Use: Scroll            |       |     6 |     5 ||    11
       Potion            |       |     2 |     1 ||     3
 Stab: Sleeping          |    13 |    18 |    14 ||    45
       Distracted        |       |       |     2 ||     2
  Eat: Chunk             |     2 |     8 |     9 ||    19
Armor: Skin              |     1 |     4 |    15 ||    20
Dodge: Dodged            |    14 |    55 |    73 ||   142
